 Dungeon Crawl Stone Soup version 0.18.1-8-gdd0e5ea (webtiles) character file.

8054 Wooh the Nimble (level 11, -11/70 HPs)
             Began as a Halfling Warper on May 21, 2016.
             Was a High Priest of Cheibriados.
             Mangled by a komodo dragon (21 damage)
             ... on level 1 of the Lair of Beasts.
             The game lasted 00:58:00 (12296 turns).

Wooh the Nimble (Halfling Warper)                  Turns: 12296, Time: 00:58:00

Health: -11/70     AC: 19    Str: 25    XL:     11   Next: 48%
Magic:  1/15       EV: 33    Int: 22    God:    Cheibriados [*****.]
Gold:   442        SH:  3    Dex: 42    Spells: 6 memorised, 1 level left

rFire  . . .     SeeInvis .     a - +0 rapier
rCold  . . .     Gourm    .     F - +0 ring mail "Orastay" {*Contam +Inv Int-4 Dex+10} (curse)
rNeg   . . .     Faith    .     (shield restricted)
rPois  .         Spirit   .     r - +0 helmet (curse)
rElec  .         Dismiss  .     K - +0 cloak
rCorr  .         Reflect  +     N - +0 pair of gloves
SustAt .         Harm     .     (no boots)
MR     .....                    V - +3 amulet of reflection
Stlth  +++.......               J - +5 ring of protection
                                n - +6 ring of protection

@: portal projectile, very slightly contaminated, very slow, not resistant to
hostile enchantments, fairly stealthy
A: mutation resistance 1
a: Bend Time, Temporal Distortion, Slouch, Step From Time, Renounce Religion,
Evoke Invisibility


You were on level 1 of the Lair of Beasts.
You worshipped Cheibriados.
Cheibriados was extremely pleased with you.
You were hungry.

You visited 2 branches of the dungeon, and saw 11 of its levels.

You collected 442 gold pieces.

Inventory:

Hand Weapons
 a - a +0 rapier (weapon)
 b - a +0 shortbow
 v - a +0 dagger of distortion
Armour
 r - a cursed +0 helmet (worn)
 F - the cursed +0 ring mail "Orastay" (worn) {*Contam +Inv Int-4 Dex+10}
   (You found it on level 5 of the Dungeon)

   It affects your intelligence (-4).
   It affects your dexterity (+10).
   It lets you turn invisible.
   It causes magical contamination when unequipped.
   It has a curse placed upon it.
 K - a +0 cloak (worn)
 N - a +0 pair of gloves (worn)
Jewellery
 c - an uncursed ring of flight
 i - a +3 ring of intelligence
 n - a +6 ring of protection (left hand)
 q - an uncursed ring of resist corrosion
 J - a +5 ring of protection (right hand)
 U - an uncursed ring of see invisible
 V - a +3 amulet of reflection (around neck)
Wands
 s - a wand of teleportation (9/9)
 P - a wand of enslavement (11/24)
 W - a wand of lightning (6/15)
Scrolls
 g - a scroll of random uselessness {unknown}
 h - a scroll of identify
 k - 4 scrolls of enchant weapon
 m - a scroll of magic mapping
 p - a scroll of amnesia {unknown}
 t - 2 scrolls of recharging
 y - 3 scrolls of teleportation
 A - 4 scrolls of remove curse {unknown}
 C - 4 scrolls of fear
 D - 3 scrolls of fog {unknown}
 G - a scroll of enchant armour {unknown}
 T - a scroll of noise {unknown}
Potions
 j - a potion of magic
 o - 7 potions of curing
 x - a potion of might
 z - 3 potions of invisibility
 I - a potion of brilliance {unknown}
 R - a potion of cancellation {unknown}
 X - 2 potions of heal wounds {unknown}
Comestibles
 f - 11 bread rations
 l - 11 fruits


   Skills:
 - Level 4.4 Fighting
 - Level 5.2 Short Blades
 - Level 10.1 Bows
 - Level 1.1 Throwing
 - Level 2.2 Armour
 + Level 13.1 Dodging
 - Level 2.9 Spellcasting
 - Level 6.1 Translocations


You had one spell level left.
You knew the following spells:

 Your Spells              Type           Power        Failure   Level  Hunger
a - Apportation           Tloc           ####......   1%          1    None
b - Blink                 Tloc           N/A          2%          2    ##.....
c - Portal Projectile     Tloc           ####..       6%          3    ###....
d - Shroud of Golubria    Chrm/Tloc      ###.......   10%         2    ##.....
e - Teleport Other        Tloc           ####....     6%          3    ###....
f - Gell's Gravitas       Hex/Tloc       ###.......   17%         3    ###....


Dungeon Overview and Level Annotations

Branches:
Dungeon (9/15)             Temple (0/1) D:7            Lair (2/8) D:8
    Orc: D:9-12

Altars:
Ashenzari
Cheibriados
Dithmenos
Fedhas
Gozag
Kikubaaqudgha
Makhleb
Nemelex Xobeh
Pakellas
Qazlal
Yredelemnul
Zin
The Shining One

Shops:
D:5 *   D:6 [

Annotations:
D:6 Zleub's ghost, novice HuFi
Lair:1 exclusion: hydra
Lair:2 attackplan's ghost, journeyman HOFi


Innate Abilities, Weirdness & Mutations

You are small and have problems with some larger weapons.
You are somewhat resistant to further mutation.


Message History

Throwing (i - inventory):
B - 2 steel tomahawks (quivered)
Press: ? - help, Shift-Dir - straight line, f - komodo dragon
Aim: a komodo dragon (moderately wounded)
You magically throw a steel tomahawk.
The steel tomahawk hits the komodo dragon.
The komodo dragon is moderately wounded.
Throwing (i - inventory):
B - a steel tomahawk (quivered)
Press: ? - help, Shift-Dir - straight line, f/p - komodo dragon
Aim: a komodo dragon (moderately wounded)
You magically throw a steel tomahawk.
The steel tomahawk barely misses the komodo dragon.
b - a +0 shortbow (weapon)
a - a +0 rapier (weapon)
You puncture the komodo dragon!
The komodo dragon is heavily wounded.
The komodo dragon completely misses you.
You hit the komodo dragon.
The komodo dragon is heavily wounded.
The komodo dragon bites you!!
You die...

#..............##...#..........#
##..............##...#..........#
#................#...#..........#
##..............##...............
#...................P..........#
#...............#..##...........
#..............#.#.##...........
#.........(....................#
##..........(..l@................
#..............†.................
##...............................
#...............................
#.......(.....#.................
#........#.....#...######.###P..
#..........##.P#...## ### ####
#...................# ##
##........#.........## #.


You could see a komodo dragon.

Vanquished Creatures
  Sonja (Lair:2)
  Pikel (D:8)
  3 spiny frogs
  Psyche (D:8)
  4 blink frogs (Lair:1)
  A wyvern (D:9)
  Sigmund (D:4)
  A spriggan (D:8)
  A hungry ghost (D:8)
  4 hippogriffs
  6 water moccasins
  An ice beast (D:5)
  2 black bears
  A phantom (D:4)
  4 centaurs
  3 ogres
  A crocodile (D:8)
  10 giant frogs
  A scorpion (D:7)
  An electric eel (Lair:1)
  A howler monkey (D:9)
  2 crimson imps
  A quasit (D:4)
  A giant frog zombie (D:9)
  2 orc priests (D:4)
  2 hounds
  A giant frog skeleton (D:6)
  6 orc wizards
  8 iguanas
  8 worker ants
  Ijyb (D:2)
  8 sheep (Lair:1)
  9 gnolls
  A worker ant zombie (D:6)
  14 adders
  29 river rats (Lair:1)
  An ooze (D:4)
  3 worms
  2 dart slugs
  9 giant geckos
  22 orcs
  2 ball pythons (D:3)
  10 bats
  5 giant cockroaches
  14 goblins
  3 hobgoblins
  16 jackals
  10 kobolds
  2 quokkas
  3 giant gecko zombies
  9 giant newts
  A jackal skeleton (D:4)
  9 rats
263 creatures vanquished.

Vanquished Creatures (others)
  A giant frog zombie (D:8)
  A giant gecko (D:8)
  A quokka (D:8)
  4 plants
7 creatures vanquished.

Grand Total: 270 creatures vanquished

Notes
Turn   | Place    | Note
--------------------------------------------------------------
     0 | D:1      | Wooh the Halfling Warper began the quest for the Orb.
     0 | D:1      | Reached XP level 1. HP: 14/14 MP: 3/3
    63 | D:1      | Reached XP level 2. HP: 16/19 MP: 4/4
   447 | D:1      | Reached XP level 3. HP: 18/24 MP: 6/6
  1123 | D:2      | Noticed Ijyb
  1582 | D:2      | Found a shattered altar of Ashenzari.
  1698 | D:2      | Reached XP level 4. HP: 29/29 MP: 7/7
  1907 | D:2      | Killed Ijyb
  2163 | D:2      | Reached XP level 5. HP: 34/34 MP: 8/8
  2400 | D:3      | Learned a level 2 spell: Blink
  2404 | D:3      | Learned a level 3 spell: Portal Projectile
  2497 | D:3      | Reached XP level 6. HP: 25/39 MP: 10/10
  2651 | D:3      | Reached skill level 5 in Short Blades
  2664 | D:3      | Reached skill level 5 in Translocations
  2710 | D:3      | Learned a level 2 spell: Shroud of Golubria
  2867 | D:3      | Found a snail-covered altar of Cheibriados.
  2877 | D:3      | Became a worshipper of Cheibriados the Contemplative
  2886 | D:3      | Found an oddly glowing altar of Pakellas.
  2984 | D:3      | Found a faded altar to an unknown god.
  3527 | D:4      | Found a stormy altar of Qazlal.
  3725 | D:4      | Found a glowing silver altar of Zin.
  3850 | D:4      | Reached skill level 3 in Dodging
  3936 | D:4      | Noticed Sigmund
  3960 | D:4      | Killed Sigmund
  3960 | D:4      | Reached skill level 4 in Dodging
  3960 | D:4      | Reached XP level 7. HP: 30/44 MP: 3/11
  4061 | D:4      | Reached * piety under Cheibriados
  4144 | D:4      | Reached skill level 5 in Dodging
  4594 | D:4      | Reached skill level 6 in Dodging
  4819 | D:4      | Found a stormy altar of Qazlal.
  4901 | D:5      | Entered Level 5 of the Dungeon
  4992 | D:5      | Found Dionker's General Store.
  5075 | D:4      | Reached XP level 8. HP: 45/49 MP: 12/12
  5411 | D:5      | Reached skill level 7 in Dodging
  5504 | D:5      | Reached ** piety under Cheibriados
  5724 | D:5      | Reached skill level 8 in Dodging
  5910 | D:5      | Learned a level 3 spell: Teleport Other
  5911 | D:5      | Found a basalt altar of Yredelemnul.
  5913 | D:5      | Noticed a profane servitor
  5922 | D:5      | Found a glowing golden altar of the Shining One.
  6175 | D:5      | Noticed an angel
  6297 | D:5      | Found a blossoming altar of Fedhas.
  6301 | D:5      | Got a scorched ring mail
  6312 | D:5      | Identified the cursed +0 ring mail "Orastay" {*Contam +Inv Int-4 Dex+10} (You found it on level 5 of the Dungeon)
  6312 | D:5      | Found an ancient bone altar of Kikubaaqudgha.
  6571 | D:6      | Reached XP level 9. HP: 54/54 MP: 2/13
  6583 | D:6      | Reached skill level 5 in Bows
  6683 | D:6      | Reached *** piety under Cheibriados
  6792 | D:6      | Found Cauxziy's Armour Shop.
  6834 | D:6      | Noticed Zleub's ghost (novice HuFi)
  7114 | D:7      | Found a burning altar of Makhleb.
  7286 | D:7      | Found a staircase to the Ecumenical Temple.
  7479 | D:7      | Found a shadowy altar of Dithmenos.
  8002 | D:8      | Found a staircase to the Lair.
  8128 | D:8      | You fall through a shaft!
  8160 | D:8      | Found an opulent altar of Gozag.
  8249 | D:9      | Found a sparkling altar of Nemelex Xobeh.
  8448 | D:9      | Reached **** piety under Cheibriados
  8468 | D:9      | Found an oddly glowing altar of Pakellas.
  9072 | D:8      | Reached XP level 10. HP: 60/65 MP: 14/14
  9173 | D:8      | Noticed Pikel
  9223 | D:8      | Killed Pikel
  9295 | D:8      | Reached skill level 10 in Bows
  9377 | Lair:1   | Entered Level 1 of the Lair of Beasts
  9392 | D:8      | Learned a level 3 spell: Gell's Gravitas
  9600 | D:8      | Noticed Psyche
  9619 | D:8      | Killed Psyche
  9619 | D:8      | Reached ***** piety under Cheibriados
  9619 | D:8      | Reached skill level 9 in Dodging
  9983 | Lair:1   | Noticed an eight-headed hydra
 10593 | Lair:1   | Noticed a spiny frog
 10614 | Lair:1   | Killed a spiny frog
 10614 | Lair:1   | Reached skill level 10 in Dodging
 10935 | Lair:1   | Reached skill level 11 in Dodging
 10959 | Lair:1   | Reached XP level 11. HP: 47/70 MP: 11/15
 11289 | Lair:1   | Reached skill level 12 in Dodging
 11722 | Lair:2   | Noticed attackplan's ghost (journeyman HOFi)
 11892 | Lair:2   | Noticed Sonja
 11895 | Lair:2   | Reached ****** piety under Cheibriados
 11903 | Lair:2   | Killed Sonja
 12049 | Lair:2   | Reached skill level 13 in Dodging
 12296 | Lair:1   | Mangled by a komodo dragon

Skill      XL: |  1  2  3  4  5  6  7  8  9 10 11 |
---------------+----------------------------------+-----
Short Blades   | 3 4 5 |  5.2
Spellcasting   | 2 |  2.9
Translocations | 4 5 6 |  6.1
Dodging        | 4 6 8 11 13 | 13.1
Armour         | 2 |  2.2
Bows           | 4 8 10 | 10.1
Fighting       | 4 |  4.4
Throwing       | |  1.1

Action                   |  1- 3 |  4- 6 |  7- 9 | 10-12 || total
-------------------------+-------+-------+-------+-------++-------
Melee: Short sword       |   194 |   411 |   958 |    67 ||  1630
       Rapier            |       |       |       |   632 ||   632
 Fire: Shortbow          |       |       |    47 |    33 ||    80
Throw: Tomahawk          |       |     3 |       |     9 ||    12
 Cast: Apportation       |     1 |       |       |       ||     1
       Blink             |       |     4 |     4 |     6 ||    14
       Portal Projectile |       |     2 |     5 |     7 ||    14
       Shroud of Golubri |       |     2 |    21 |     8 ||    31
       Teleport Other    |       |       |       |     7 ||     7
Invok: Bend Time         |       |       |     1 |       ||     1
       Slouch            |       |       |       |     1 ||     1
  Use: Potion            |     1 |       |       |       ||     1
       Scroll            |       |     6 |     1 |     8 ||    15
 Stab: Sleeping          |       |     2 |     1 |     4 ||     7
       Distracted        |       |       |       |     2 ||     2
  Eat: Chunk             |     3 |     8 |    13 |     8 ||    32
       Beef jerky        |       |       |     1 |       ||     1
Armor: Leather armour    |    42 |   125 |   161 |       ||   328
       Skin              |    13 |       |       |       ||    13
       Ring mail         |       |       |    88 |   131 ||   219
Dodge: Dodged            |   138 |   270 |  1052 |   952 ||  2412
Block: Other             |       |       |     2 |   114 ||   116
